AoeStats
← El bayano

Arena

509245508Analyzed
1v1 RM · 7d ago on Sep 26, 2026· 19m 31s· 2 players
Game mode
Random Map
Map size
Tiny (2 player)
Population
200
Speed
Normal
Resources
Standard
Victory
Conquest
Starting age
Dark Age
Ending age
Imperial Age
RankedLock teamsTeams togetherTeam positionsShared explorationLock speedFull tech treeHidden civsTurbo modeCheats
Victory
Defeat
🇯🇵 Danes · Japan
1573
+14
🇺🇾 Malay · Uruguay
1529
-14
El bayano
8:37 Feudal Age
8:22 Double-Bit Axe
11:11 Horse Collar
15:01 Wheelbarrow
15:37 Loom
18:23 Castle Age
17:19 Fletching
18:03 Bodkin Arrow
17:49 Crossbowman
Thomas2311
11:08 Feudal Age
11:55 Double-Bit Axe
12:22 Horse Collar
15:04 Castle Age
15:26 Light Cavalry
17:13 Bow Saw
18:25 Heavy Plow
19:24 Loom
Connection lost

Rejoining the realm…

Still unreachable

The connection could not be restored.

Session expired

The server has moved on; the page needs a fresh start.